 Dungeon Crawl Stone Soup version 0.28-a0-1382-g92835e5c71 (webtiles) character file.

Game seed: 7481955999971009835

282 chunkyMonkey the Shield-Bearer (level 6, -1/46 (49) HPs)
             Began as a Formicid Fighter on Jan 1, 2022.
             Slain by a gnoll (8 damage)
             ... on level 6 of the Dungeon.
             The game lasted 00:03:54 (2921 turns).

chunkyMonkey the Shield-Bearer (Formicid Fighter)   Turns: 2921, Time: 00:03:54

HP:   -1/46 (49)    AC:  9    Str: 23    XL:     6   Next: 54%
MP:   8/8           EV:  8    Int:  7    God:
Gold: 125           SH:  4    Dex: 10    Spells: 8/8 levels left

rFire   . . .      SeeInvis +   a - +0 war axe
rCold   . . .      Faith    .   c - +0 buckler
rNeg    . . .      Spirit   .   e - +0 chain mail
rPois   .          Reflect  .   (helmet unavailable)
rElec   .          Harm     .   (no cloak)
rCorr   .          Rampage  .   (no gloves)
Will    .....                   (no boots)
Stlth   ..........              (no amulet)
HPRegen 0.15/turn               (no ring)
MPRegen 0.11/turn               (no ring)

@: drained
A: permanent stasis, dig shafts and tunnels, antennae 3, four strong arms
a: Dig, Shaft Self


You were on level 6 of the Dungeon.
You visited 1 branch of the dungeon, and saw 4 of its levels.

You collected 125 gold pieces.

Inventory:

Hand Weapons
 a - a +0 war axe (weapon)
 d - a +1 flail of holy wrath
Armour
 c - a +0 buckler (worn)
 e - a +0 chain mail (worn)
Scrolls
 b - 2 scrolls of amnesia {unknown}
 h - a scroll of vulnerability {unknown}
 i - a scroll of immolation {unknown}
 j - 2 scrolls of teleportation {unknown}
 m - a scroll of fog {unknown}
Potions
 g - a potion of attraction {unknown}
 k - a potion of haste {unknown}
 l - a potion of flight {unknown}


   Skills:
 * Level 4.6 Fighting
 * Level 3.4 Axes
 * Level 4.5 Armour
 * Level 4.9 Shields
 + Level 1.7 Spellcasting


You had 8 spell levels left.
You didn't know any spells.
Your spell library contained the following spells:

 Spells                   Type           Power      Damage    Failure   Level
 Animate Skeleton         Necr           0%         N/A       96%         1
 Pain                     Necr           0%         1d4       96%         1
 Vampiric Draining        Necr           0%         2d6       100%        3


Dungeon Overview and Level Annotations

Branches:
Dungeon (3/15)

Altars:
Zin


Innate Abilities, Weirdness & Mutations

You cannot be hasted, slowed, berserked, paralysed or teleported.
You can dig through walls and to a lower floor.
You have a pair of large antennae on your head. (SInv)
Your four strong arms can wield two-handed weapons with a shield.


Message History

You slash the gnoll shaman!
The gnoll shaman is almost dead.
The gnoll shaman hits you but does no damage.
You hit the gnoll shaman but do no damage.
The gnoll shaman is almost dead.
The gnoll shaman hits you with a +0 club.
* * * LOW HITPOINT WARNING * * *
You hit the gnoll shaman but do no damage.
The gnoll shaman is almost dead.
The gnoll shaman hits you with a +0 club.
* * * LOW HITPOINT WARNING * * *
The gnoll shaman utters an invocation to its god.
The gnoll shaman is healed somewhat.
You feel better. You block the gnoll shaman's attack.
You closely miss the gnoll shaman.
The gnoll shaman is severely wounded.
You block the gnoll shaman's attack.
You hit the gnoll shaman but do no damage.
The gnoll shaman is severely wounded.
You block the gnoll shaman's attack.
You hit the gnoll shaman.
The gnoll shaman is almost dead.
You block the gnoll shaman's attack.
The gnoll shaman hits you but does no damage.
You barely miss the gnoll shaman.
The gnoll shaman is almost dead.
The gnoll shaman hits you with a +0 club.
You slash the gnoll shaman!
You kill the gnoll shaman!
The gnoll hits you with a +0 halberd.
* * * LOW HITPOINT WARNING * * *
You barely miss the gnoll. The gnoll barely misses you.
The gnoll hits you with a +0 halberd.
* * * LOW HITPOINT WARNING * * *
You closely miss the gnoll. The gnoll hits you with a +0 halberd.
* * * LOW HITPOINT WARNING * * *
You block the gnoll's attack.
You barely miss the gnoll. The gnoll barely misses you.
The gnoll hits you with a +0 halberd!
You die...

##...........##
##.........##
###### ##..{....##
##....# ##g...###
#.....## ##..##
#......## ##.{##
#.....(.# ##..#{##
#.......###..###g#
###.......#..###@##
.##.......#.## ###
{ ...........##
............#
...#........#
....#.......#
#...........#
##.........##
##....##.##


You could see a gnoll (fast).

Vanquished Creatures
  A black bear (D:6)
  A centaur zombie (D:6)
  A hound (D:6)
  A gnoll shaman (D:6)
  Terence (D:2)
  3 adders
  An ufetubus (D:6)
  A worm (D:2)
  A dart slug (D:1)
  6 bats
  3 endoplasms
  A goblin (D:1)
  6 hobgoblins
  4 jackals (D:1)
  2 kobolds
  4 ball pythons (D:1)
  A frilled lizard (D:1)
  5 rats
43 creatures vanquished.

Notes
Turn   | Place    | Note
-------+----------+-------------------------------------------
     0 | D:1      | chunkyMonkey the Formicid Fighter began the quest for the
                  | Orb.
     0 | D:1      | Reached XP level 1. HP: 18/18 MP: 1/1
     2 | D:1      | Found a faded altar of an unknown god.
   176 | D:1      | Reached XP level 2. HP: 18/24 MP: 2/2
   465 | D:1      | Reached XP level 3. HP: 24/29 MP: 3/3
  1232 | D:2      | Noticed Terence
  1246 | D:2      | Killed Terence
  1247 | D:2      | Reached XP level 4. HP: 22/37 MP: 3/5
  1516 | D:2      | Reached skill level 1 in Spellcasting
  1519 | D:2      | Found a glowing silver altar of Zin.
  2133 | D:3      | You fall into a shaft and drop 3 floors!
  2167 | D:6      | Noticed a black bear
  2181 | D:6      | Killed a black bear
  2182 | D:6      | Reached XP level 5. HP: 11/43 MP: 5/7
  2186 | D:6      | Reached XP level 6. HP: 13/49 MP: 5/8
  2921 | D:6      | Slain by a gnoll

Illustrated notes

Levels and vault maps discovered:
D:1:      dpeg_arrival_tiny_i, layout_loops_ring,
          shapermc_ecumenical_altar_pompeii,
          wander_ebering_terrifying_dragon_lair
D:2:      layout_basic, basic_altar, serial_aquarium, aquarium_bridge_straight
          [aquarium_subvault_bridge, aquarium_subvault_wall,
          aquarium_subvault_bridge, aquarium_subvault_wall],
          aquarium_bridge_straight [aquarium_subvault_bridge,
          aquarium_subvault_window, aquarium_subvault_bridge,
          aquarium_subvault_wall], aquarium_window_corner, aquarium_window_fake,
          aquarium_window_1, aquarium_window_corner, aquarium_view_2b,
          aquarium_view_2d, st_stairs_13, hangedman_decor_points, uniq_terence
D:3:      layout_basic, trog_wizard, minmay_fractal_squares_5
D:6:      layout_cave_pods, minmay_temple_entry_proselytizer,
          nrook_loot_triangle

Skill      XL: |  1  2  3  4 |
---------------+-------------+-----
Shields        | 4 |  4.9
Spellcasting   | 1 |  1.7
Fighting       | 4 |  4.6
Axes           | 3 |  3.4
Armour         | 4 |  4.5

Action                   |  1- 3 |  4- 6 || total
-------------------------+-------+-------++-------
Melee: War axe           |    54 |    99 ||   153
 Abil: Dig               |       |     4 ||     4
  Use: Potion            |     1 |     2 ||     3
Armor: Scale mail        |     7 |       ||     7
       Chain mail        |    28 |    71 ||    99
Dodge: Dodged            |    32 |    65 ||    97
Block: Buckler           |    13 |    26 ||    39

Table legend: (Time is in decaauts)
 A = Elapsed time spent in this place.
 B = Non-inter-level travel time spent in this place.
 C = Inter-level travel time spent in this place.
 D = Time resting spent in this place.
 E = Time spent auto-exploring this place.
 F = Levels seen in this place.
 G = Mean time per level.
                   A        B        C        D        E       F      G
               +--------+--------+--------+--------+--------+-----+--------+
         Total |   2975 |   2843 |    132 |    782 |   1554 |   4 |  743.8 |
       Dungeon |   2975 |   2843 |    132 |    782 |   1554 |   4 |  743.8 |
               +--------+--------+--------+--------+--------+-----+--------+

Top non-repeatable levels by time:
     D:2: 1112 daAuts
     D:1: 1051 daAuts
     D:6: 810 daAuts
